Map: Rosebud LE

Players

WetLettuce

  • Race: Terran Terran
  • League: Diamond

Strider

  • Race: Protoss Protoss
  • League: Diamond

Duqq

  • Race: Protoss Protoss

Warchild

  • Race: Terran Terran

skoddet

  • Race: Protoss Protoss

Timm

  • Race: Protoss Protoss

VOD

Have the link to the VOD?

Description

Time

  • Played on: April 4, 2026, 1:20 p.m.
  • Length: 13:12
Show
View Real Time Build Order
Export as new Build Order

WetLettuce Terran 

Build Orders:  

Get SALT Encoding   

  12  0:00  SCV  
  13  0:12  SCV  
  14  0:24  SCV  
  15  0:29  Refinery, Supply Depot  
  15  0:51  SCV  
  15  0:53  Barracks  
  16  1:03  SCV  
  17  1:12  Refinery  
  17  1:17  SCV  
  18  1:29  SCV  
  19  1:42  Orbital Command  
  19  1:54  Factory  
  19  2:12  SCV  
  20  2:16  Command Center  
  20  2:24  SCV  
  21  2:34  Barracks Tech Lab  
  22  2:37  SCV  
  22  2:38  Starport  
  22  2:42  Supply Depot  
  22  2:44  Factory Reactor  
  22  2:49  SCV  
  23  2:58  Hyperflight Rotors  
  23  3:03  SCV  
  24  3:18  Starport  
  24  3:23  Banshee  
  24  3:25  SCV  
  28  3:27  Barracks Tech Lab  
  28  3:31  Orbital Command  
  28  3:36  Refinery  
  28  3:44  SCV  
  29  3:52  Refinery  
  29  3:56  SCV  
  30  4:04  Banshee  
  30  4:06  Cloaking Field  
  30  4:09  SCV x2  
  35  4:21  SCV x2  
  37  4:25  Banshee  
  40  4:33  SCV  
  40  4:34  SCV  
  33  5:08  Banshee  
  28  5:21  SCV x2  
  30  5:33  SCV x2  
  32  5:45  SCV x2  
  34  5:51  Banshee  
  37  5:57  Banshee, SCV  
  37  6:01  SCV  
  42  6:09  SCV  
  43  6:14  SCV  
  44  6:21  SCV  
  45  6:26  SCV  
  46  7:21  Command Center  
  46  7:22  Command Center  
  46  7:26  SCV x2  
  45  7:36  Supply Depot  
  45  7:38  SCV, Banshee  
  45  7:39  SCV, Widow Mine x2, Banshee  
  57  7:46  Starport  
  57  7:47  Engineering Bay  
  57  7:50  SCV  
  57  7:51  SCV, Armory  
  59  8:02  SCV  
  59  8:03  SCV  
  61  8:08  Widow Mine x2  
  65  8:14  SCV  
  65  8:15  SCV  
  67  8:21  Banshee  
  70  8:32  Banshee  
  70  8:33  SCV x2  
  75  8:45  SCV x2  
  77  8:57  SCV  
  78  9:03  Terran Ship Weapons Level 1  
  78  9:04  SCV, Banshee, Armory  
  78  9:09  Orbital Command, SCV  
  83  9:11  Starport Tech Lab  
  83  9:13  Starport  
  83  9:15  Banshee  
  86  9:33  Raven  
  86  9:35  SCV  
  86  9:36  SCV, Planetary Fortress  
  90  9:39  SCV  
  91  9:47  Raven, SCV  
  91  9:48  SCV  
  91  9:51  SCV  
  96  9:58  Raven  
  99  10:00  SCV  
  96  10:07  Raven  
  80  10:51  Banshee x3  
  80  10:53  Starport Tech Lab  
  80  10:56  SCV x4  
  93  10:58  Refinery  
  93  10:59  Refinery  
  93  11:08  SCV x4  
  93  11:09  Missile Turret  
  93  11:10  Missile Turret  
  97  11:15  Command Center, Missile Turret  
  97  11:20  SCV x2  
  99  11:25  Missile Turret  
  99  11:46  Supply Depot x2  
  99  11:55  Supply Depot  
  99  11:57  Supply Depot  
  99  12:00  Supply Depot  
  99  12:07  Banshee x3  
  108  12:10  Supply Depot  
  108  12:21  Banshee  
  111  12:23  SCV x3  
  111  12:24  SCV  
  115  12:34  Command Center  
  115  12:35  SCV  
  115  12:36  SCV x3  
  119  12:37  Refinery  
  119  12:39  Refinery  
  119  12:41  Command Center, Refinery  
  119  12:43  Refinery  
  119  12:47  SCV  
  129  13:10  Starport  
  129  13:12  Starport  
Show
View Real Time Build Order
Export as new Build Order

Strider Protoss 

Build Orders: Nexus First 

Get SALT Encoding   

  12  0:00  Probe  
  13  0:12  Probe  
  14  0:24  Probe  
  14  0:26  Pylon  
  15  0:40  Probe  
  15  0:48  Probe  
  17  1:02  Nexus  
  17  1:07  Probe  
  18  1:21  Forge  
  18  1:29  Gateway, Probe  
  19  1:37  Assimilator, Probe  
  19  1:45  Probe  
  21  1:57  Photon Cannon  
  21  2:00  Probe, Pylon  
  22  2:12  Probe  
  23  2:19  Photon Cannon  
  23  2:22  Probe, Cybernetics Core  
  23  2:27  Probe  
  25  2:30  Probe  
  25  2:33  Assimilator  
  26  2:39  Probe  
  27  2:46  Photon Cannon  
  27  2:54  Photon Cannon  
  27  2:55  Probe  
  27  2:58  Probe  
  29  3:08  Probe  
  29  3:09  Pylon  
  29  3:10  Probe  
  31  3:13  Warp Gate  
  31  3:18  Shield Battery  
  31  3:19  Probe  
  31  3:20  Pylon  
  31  3:22  Probe  
  33  3:27  Probe  
  33  3:31  Pylon  
  34  3:37  Probe  
  34  3:38  Photon Cannon  
  34  3:39  Probe  
  35  3:47  Pylon  
  36  3:50  Probe  
  36  3:51  Probe  
  38  3:59  Probe, Robotics Facility  
  39  4:03  Probe  
  39  4:07  Probe  
  39  4:08  Protoss Ground Weapons Level 1  
  40  4:15  Assimilator, Probe  
  40  4:16  Probe  
  42  4:17  Assimilator  
  42  4:24  Twilight Council  
  43  4:27  Probe  
  43  4:28  Probe  
  45  4:32  Photon Cannon  
  45  4:37  Photon Cannon  
  45  4:40  Probe  
  45  4:42  Pylon  
  45  4:44  Immortal  
  46  4:48  Pylon  
  48  5:15  Photon Cannon  
  48  5:17  Photon Cannon  
  48  5:19  Pylon, Photon Cannon, Probe x2  
  50  5:30  Sentry  
  52  5:53  Protoss Ground Weapons Level 2  
  52  5:56  Sentry  
  54  6:05  Gateway  
  54  6:07  Gateway  
  54  6:12  Gateway  
  54  6:14  Blink  
  54  6:15  Gateway  
  54  6:16  Probe  
  54  6:17  Gateway, Probe  
  55  6:19  Pylon  
  55  6:23  Observer  
  56  6:33  Sentry  
  56  6:35  Probe  
  59  6:40  Forge  
  59  6:42  Pylon  
  59  6:44  Gateway  
  59  6:46  Observer  
  60  7:05  Immortal  
  60  7:06  Protoss Ground Armor Level 1  
  64  7:10  Stalker  
  64  7:14  Stalker  
  68  7:28  Nexus  
  68  7:30  Pylon  
  68  7:32  Stalker x4  
  75  7:37  Observer  
  75  7:41  Probe x2  
  78  7:48  Shield Battery  
  78  7:49  Shield Battery  
  78  7:52  Shield Battery  
  78  7:54  Shield Battery  
  78  7:55  Pylon  
  78  7:56  Probe x2  
  80  8:01  Observer  
  81  8:07  Stalker  
  81  8:08  Probe x2  
  85  8:17  Charge  
  84  8:20  Probe x2  
  84  8:21  Stalker  
  88  8:30  Immortal  
  88  8:32  Probe x2  
  94  8:44  Probe x2  
  96  8:53  Stalker x5  
  101  8:56  Probe  
  101  8:57  Probe, Protoss Ground Weapons Level 3, Protoss Ground Armor Level 2  
  99  9:05  Immortal  
  103  9:19  Probe x2  
  103  9:20  Probe  
  103  9:22  Assimilator  
  103  9:23  Assimilator  
  106  9:26  Stalker  
  106  9:27  Stalker  
  110  9:31  Probe  
  110  9:35  Stalker x3  
  117  9:40  Probe  
  117  9:41  Probe  
  117  9:43  Observer  
  120  9:46  Probe  
  120  9:51  Robotics Facility  
  121  9:53  Probe  
  121  9:54  Robotics Bay  
  121  9:57  Pylon  
  121  9:59  Pylon  
  122  10:01  Pylon  
  120  10:14  Stalker x3  
  120  10:15  Stalker x3  
  131  10:41  Pylon  
  131  10:42  Nexus  
  126  11:13  Observer  
  127  11:26  Observer  
  126  11:35  Observer  
  126  11:39  Zealot x3, Observer  
  133  11:40  Zealot x4  
  133  11:44  Gateway  
  133  11:47  Gateway  
  142  11:49  Gateway  
  142  11:53  Observer, Gateway x2  
  143  11:54  Gateway  
  143  11:57  Observer  
  136  12:09  Colossus  
  136  12:11  Colossus  
  136  12:14  Stalker x3  
  136  12:15  Stalker x3  
  144  12:16  Stalker  
  156  12:35  Assimilator  
  154  12:37  Stalker x2  
  154  12:38  Stalker x3  
  154  12:39  Assimilator, Stalker x2  
  154  12:41  Pylon  
  154  12:43  Pylon  
  164  12:45  Pylon  
  164  12:47  Pylon  
  164  12:51  Zealot x2  
  164  12:52  Zealot x4  
  170  13:06  Stalker x5  
  170  13:07  Stalker x2  
Show
View Real Time Build Order
Export as new Build Order

Duqq Protoss 

Build Orders: 1 Gate Expand 

Get SALT Encoding   

  1  0:00  Probe  
  13  0:08  Probe  
  14  0:21  Pylon, Probe  
  15  0:39  Probe  
  15  0:41  Gateway  
  16  0:50  Assimilator  
  16  0:51  Probe  
  17  1:23  Probe  
  18  1:31  Nexus, Probe  
  18  1:39  Probe  
  20  1:48  Cybernetics Core  
  20  1:56  Assimilator  
  20  2:01  Probe  
  21  2:13  Probe  
  22  2:25  Probe  
  23  2:32  Stargate  
  23  2:47  Pylon  
  23  2:48  Probe  
  23  2:50  Assimilator  
  23  2:52  Probe  
  23  2:56  Probe  
  25  3:00  Probe  
  27  3:05  Probe  
  27  3:09  Stargate, Probe  
  29  3:18  Probe  
  30  3:22  Probe  
  31  3:30  Probe  
  31  3:34  Probe  
  33  3:46  Probe  
  34  3:50  Assimilator  
  42  3:58  Probe  
  42  4:00  Void Ray  
  43  4:06  Forge  
  43  4:07  Pylon  
  43  4:11  Probe  
  44  4:19  Probe  
  45  4:29  Probe x2  
  44  4:41  Probe x2  
  32  4:53  Probe x2  
  34  5:05  Probe  
  23  5:23  Pylon  
  23  5:27  Gateway  
  19  5:57  Probe  
  19  5:58  Probe  
  21  6:05  Probe  
  21  6:10  Probe  
  23  6:14  Probe  
  23  6:17  Cybernetics Core  
  24  6:22  Probe  
  24  6:23  Probe  
  25  6:27  Pylon  
  25  6:31  Pylon, Probe  
  27  6:41  Probe  
  28  6:53  Probe  
  29  6:59  Shield Battery  
  29  7:01  Probe  
  30  7:09  Probe  
  30  7:10  Probe  
  32  7:19  Probe  
  32  7:21  Stargate  
  33  7:23  Probe, Assimilator  
  33  7:24  Protoss Shields Level 1  
  34  7:31  Probe  
  34  7:35  Probe  
  36  7:42  Protoss Air Weapons Level 1  
  36  7:43  Probe  
  37  7:47  Probe  
  38  7:54  Fleet Beacon  
  38  7:55  Probe  
  39  7:59  Probe  
  39  8:01  Void Ray x2  
  48  8:07  Probe  
  49  8:19  Probe  
  50  8:31  Photon Cannon  
  50  8:32  Photon Cannon  
  50  8:34  Photon Cannon  
  58  8:44  Void Ray x2  
  58  9:18  Nexus  
  62  9:26  Pylon  
  62  9:27  Void Ray  
  62  9:38  Void Ray  
  66  9:50  Protoss Air Armor Level 1  
  66  9:59  Flux Vanes  
  66  10:06  Twilight Council  
  70  10:10  Void Ray  
  70  10:22  Pylon  
  70  10:25  Void Ray, Pylon  
  70  10:27  Pylon  
  70  10:30  Probe  
  70  10:31  Assimilator  
  70  10:35  Assimilator  
  75  10:42  Probe  
  80  10:54  Probe  
  81  11:06  Probe  
  87  11:18  Probe  
  87  11:22  Probe, Void Ray x2  
  88  11:30  Probe  
  88  11:39  Probe  
  90  11:52  Probe  
  99  12:04  Probe  
  99  12:05  Void Ray x2  
  108  12:54  Pylon  
  108  12:55  Pylon  
  108  12:57  Pylon  
  108  13:00  Pylon  
  108  13:03  Pylon  
Show
View Real Time Build Order
Export as new Build Order

Warchild Terran 

Build Orders:  

Get SALT Encoding   

  12  0:02  SCV  
  13  0:14  SCV  
  14  0:26  SCV  
  15  0:29  Supply Depot  
  15  0:48  Refinery  
  15  0:51  SCV  
  16  1:01  Barracks  
  16  1:08  SCV  
  17  1:28  Barracks, SCV  
  17  1:32  Barracks  
  18  1:34  Supply Depot  
  18  1:41  SCV  
  19  1:48  Engineering Bay  
  19  1:51  Marine  
  21  2:09  Orbital Command  
  20  2:17  Marine  
  20  2:21  Marine x2  
  23  2:35  Marine  
  24  2:39  Marine, Supply Depot  
  25  2:45  Terran Infantry Weapons Level 1  
  25  2:53  Marine  
  25  2:56  Barracks Tech Lab, Marine  
  27  3:11  Marine  
  28  3:14  Marine  
  28  3:18  Combat Shield  
  29  3:21  Marine  
  30  3:29  Marine  
  30  3:30  Supply Depot  
  30  3:32  Marine  
  32  3:39  Marine  
  33  3:46  Marine  
  34  3:50  Marine  
  35  3:56  Marine  
  36  4:04  Marine  
  36  4:07  SCV, Command Center  
  36  4:08  Marine  
  39  4:14  Marine  
  38  4:55  Marine  
  39  5:02  Marine x2  
  38  5:12  Marine  
  36  5:19  Marine  
  36  5:20  Marine  
  33  5:28  Missile Turret  
  33  5:30  Marine  
  33  5:31  Orbital Command  
  34  5:35  Missile Turret  
  34  5:37  Missile Turret, Marine  
  34  5:38  Marine  
  34  5:39  SCV  
  37  5:48  Marine  
  37  5:49  Factory  
  35  5:55  Marine x2  
  34  5:57  Refinery, Missile Turret  
  34  6:06  Marine  
  35  6:13  Marine x2  
  37  6:21  Terran Infantry Armor Level 1  
  37  6:24  Marine, SCV x2  
  40  6:31  Marine x2  
  42  6:35  Factory Tech Lab  
  42  6:36  SCV x2  
  44  6:41  Marine  
  45  6:48  Marine  
  46  6:54  SCV  
  46  6:57  Missile Turret  
  44  7:35  SCV x2  
  46  7:45  Refinery  
  46  7:47  SCV x2  
  48  7:57  Missile Turret, Marine x3  
  51  7:59  Siege Tank, SCV x2  
  56  8:11  SCV x2  
  58  8:13  Starport  
  58  8:16  Marine x2  
  61  8:23  Barracks Tech Lab, SCV x2  
  62  8:46  Command Center  
  62  8:47  SCV  
  62  8:48  SCV, Marine x2  
  42  9:06  Marine  
  38  9:19  Marine x2  
  38  9:23  Marine  
  41  9:26  Siege Tank  
  44  9:32  SCV x2  
  44  9:36  Starport Reactor, Marine  
  44  9:37  Marine  
  48  9:40  Refinery  
  48  9:41  Marine  
  49  9:49  Armory  
  49  9:54  Marine  
  49  9:58  Siege Tank  
  37  10:26  Engineering Bay  
  33  10:52  Supply Depot  
  33  10:53  Supply Depot  
  33  10:56  Supply Depot  
  33  10:57  Supply Depot  
  33  11:00  Missile Turret  
  33  11:04  Missile Turret  
  33  11:14  Liberator x2  
  24  12:33  SCV  
  12  12:45  SCV  
  13  12:57  SCV  
Show
View Real Time Build Order
Export as new Build Order

skoddet Protoss 

Build Orders: Dark Templar Rush 

Get SALT Encoding   

  1  0:00  Probe  
  12  0:07  Probe  
  14  0:16  Probe  
  15  0:24  Pylon  
  15  0:44  Gateway  
  15  0:49  Gateway  
  15  1:00  Gateway  
  15  1:02  Probe  
  15  1:10  Probe  
  16  1:15  Pylon  
  17  1:21  Assimilator  
  17  1:23  Probe  
  18  1:32  Zealot  
  20  1:35  Probe  
  21  1:49  Cybernetics Core  
  21  1:52  Probe  
  22  1:57  Zealot  
  24  2:04  Zealot  
  26  2:14  Pylon  
  26  2:17  Warp Gate  
  26  2:19  Zealot  
  26  2:22  Probe  
  29  2:32  Assimilator  
  29  2:38  Zealot  
  31  2:51  Twilight Council  
  31  2:55  Probe  
  31  2:58  Stalker  
  34  3:11  Pylon  
  34  3:16  Zealot  
  34  3:18  Charge  
  36  3:20  Probe  
  39  3:34  Zealot  
  39  3:59  Dark Shrine  
  39  4:02  Forge  
  39  4:14  Probe  
  40  4:41  Pylon  
  40  4:58  Nexus  
  40  4:59  Stalker x2  
  44  5:00  Stalker  
  40  5:27  Stalker x3  
  46  5:31  Pylon  
  46  5:36  Assimilator  
  38  5:50  Robotics Facility  
  38  5:56  Photon Cannon  
  38  6:14  Photon Cannon  
  38  6:16  Probe  
  38  6:24  Probe  
  38  6:31  Observer  
  35  6:32  Stalker  
  35  6:34  Probe  
  32  6:43  Stalker  
  31  7:03  Photon Cannon  
  29  7:11  Probe  
  30  7:19  Probe  
  31  7:34  Stargate  
  31  7:35  Probe  
  32  7:54  Probe  
  32  7:56  Photon Cannon  
  33  8:02  Probe  
  33  8:06  Probe  
  33  8:11  Probe  
  35  8:15  Probe  
  37  8:24  Probe  
  37  8:32  Photon Cannon  
  37  8:33  Probe  
  38  8:39  Dark Templar  
  25  9:15  Void Ray  
  21  9:20  Probe  
  21  9:23  Dark Templar  
  23  9:26  Protoss Air Weapons Level 1  
  23  9:32  Probe  
  23  9:37  Photon Cannon  
  24  9:40  Probe  
  25  9:57  Phoenix  
  27  10:14  Observer  
  28  10:40  Void Ray  
  32  10:53  Dark Templar x3  
Show
View Real Time Build Order
Export as new Build Order

Timm Protoss 

Build Orders:  

Get SALT Encoding   

  1  0:00  Probe  
  13  0:15  Pylon  
  13  0:46  Pylon  
  13  0:49  Probe  
  14  1:01  Probe  
  15  1:12  Pylon  
  15  1:14  Probe  
  16  1:19  Pylon  
  16  1:26  Probe  
  16  1:30  Assimilator  
  17  1:37  Gateway  
  17  1:40  Gateway  
  17  1:44  Forge  
  17  1:54  Gateway  
  17  2:12  Probe  
  18  2:17  Assimilator  
  18  2:24  Probe  
  18  2:28  Cybernetics Core  
  19  2:38  Photon Cannon  
  19  2:44  Photon Cannon  
  19  2:47  Zealot  
  21  2:57  Zealot  
  23  3:00  Zealot  
  23  3:05  Probe  
  26  3:11  Zealot  
  26  3:16  Zealot  
  26  3:17  Probe  
  31  3:56  Zealot  
  31  3:57  Zealot  
  31  4:01  Protoss Ground Weapons Level 1  
  35  4:12  Twilight Council  
  29  5:19  Stalker  
  29  5:20  Stalker  
  27  5:22  Zealot  
  33  5:30  Nexus  
  33  5:34  Assimilator  
  33  5:39  Assimilator  
  31  5:45  Pylon  
  31  5:47  Stalker  
  31  5:49  Zealot  
  33  5:50  Zealot  
  33  6:00  Stargate  
  33  6:02  Protoss Shields Level 1  
  33  6:10  Charge  
  33  6:23  Pylon  
  33  6:30  Pylon  
  33  6:42  Protoss Air Weapons Level 1  
  33  7:00  Probe  
  34  7:03  Probe  
  35  7:12  Probe  
  34  7:16  Probe  
  39  7:24  Probe  
  39  7:27  Void Ray  
  39  7:28  Probe  
  41  7:36  Photon Cannon, Probe  
  42  7:40  Probe  
  43  7:49  Probe  
  44  7:57  Photon Cannon  
  44  8:02  Photon Cannon  
  44  8:08  Probe  
  44  8:11  Pylon  
  45  8:18  Probe  
  46  8:20  Probe  
  47  8:28  Probe  
  47  8:31  Photon Cannon  
  47  8:32  Probe  
  49  8:37  Probe  
  49  8:40  Probe  
  50  8:45  Probe  
  50  8:48  Probe  
  53  8:57  Probe  
  53  8:58  Probe  
  55  9:18  Robotics Facility  
  55  9:20  Robotics Facility  
  55  9:32  Stargate  
  55  9:47  Probe  
  56  9:53  Probe  
  56  9:59  Void Ray  
  57  10:05  Probe  
  51  10:30  Protoss Air Armor Level 1  
  51  10:58  Pylon  
  51  10:59  Photon Cannon  
  51  11:01  Immortal  
  51  11:10  Immortal  
  59  11:11  Void Ray  
  59  11:25  Photon Cannon  
  59  11:32  Photon Cannon  
  59  11:34  Shield Battery  
  59  11:39  Immortal  
  63  11:49  Immortal  
  67  11:56  Photon Cannon  
  41  12:19  Shield Battery  
  35  12:24  Pylon  
  35  12:28  Shield Battery  
  32  12:31  Pylon  
Tags
 
Add a new tag
Caveats
  • Supply blocks, unpowered buildings, or Contaminate may cause inaccurate times.
  • Supply counts are checked every 10 seconds.